cohdb
Replays
Latest Replays
All Replays
Popular Replays
Top Player Replays
Match Explorer
How It Works
Community
CoH3 Stats
Reddit
Sign in to upload your games and track your stats! →
Sign in with Steam
Match 47753571
Unlisted
Match 47753571
Overview
Messages
Build Orders
End
Kettenkrad Recon Vehicle
Construct Infanterie Kompanie
MG 42 Machine Gun Team
Selects Mechanized Battlegroup
MG 42 Machine Gun Team
MG 42 Bunker
MG 42 Bunker
Construct Panzergrenadier Kompanie
Selects Spotting Scopes
Pak 40 Anti-tank Gun Team
Medical Bunker
Construct Panzer Kompanie
251 Medium Carrier
Pak 40 Anti-tank Gun Team
Selects Wespe Self-propelled Artillery
Selects Zeroing Artillery Barrage
Zeroing Artillery Barrage
Panzer IV Medium Tank
Panzer IV Medium Tank
Panzer IV Medium Tank
Zeroing Artillery Barrage
Panzer Officer Quarters
Side Skirts
[DFWU]=CalvinXand
Centaurea
Caliph Al Nasser
XxLil_NubbinsxX
lemerman9
gabman6
CoH3Master
Barry
0
0
Comments
sign in to comment!
No comments posted yet!